 Dungeon Crawl Stone Soup version 0.18.1-48-g4cf74bf (webtiles) character file.

219 Inkary the Skirmisher (level 5, -3/42 HPs)
             Began as a Demonspawn Fighter on July 25, 2016.
             Slain by an orc wizard
             ... wielding a +0 dagger of distortion
              (10 damage)
             ... on level 3 of the Dungeon.
             The game lasted 00:06:08 (3369 turns).

Inkary the Skirmisher (Demonspawn Fighter)          Turns: 3369, Time: 00:06:09

Health: -3/42      AC: 11    Str: 19    XL:     5   Next: 64%
Magic:  5/5        EV:  7    Int:  9    God:
Gold:   82         SH:  9    Dex: 13    Spells: 0 memorised, 4 levels left

rFire  . . .     SeeInvis .     a - +0 long sword
rCold  . . .     Gourm    .     b - +0 scale mail
rNeg   . . .     Faith    .     c - +0 shield
rPois  .         Spirit   .     (no helmet)
rElec  .         Dismiss  .     (no cloak)
rCorr  .         Reflect  .     w - +0 pair of gloves
SustAt .         Harm     .     m - +0 pair of boots
MR     .....                    (no amulet)
Stlth  ..........               (no ring)
                                g - +2 ring of strength

@: about to teleport, not resistant to hostile enchantments, extremely
unstealthy
A: slimy green scales 1, powered by death 1, rot immunity
a: no special abilities


You were on level 3 of the Dungeon.
You were not hungry.

You visited 1 branch of the dungeon, and saw 4 of its levels.

You collected 82 gold pieces.

Inventory:

Hand Weapons
 a - a +0 long sword (weapon)
Armour
 b - a +0 scale mail (worn)
 c - a +0 shield (worn)
 m - a +0 pair of boots (worn)
 w - a +0 pair of gloves (worn)
Jewellery
 g - a +2 ring of strength (left hand)
 o - a cursed -3 ring of protection {unknown}
 t - a cursed -5 ring of slaying {unknown}
 u - a cursed ring of loudness {unknown}
Scrolls
 e - 4 scrolls of amnesia {unknown}
 h - a scroll of random uselessness {unknown}
 j - a scroll of recharging {unknown}
 k - a scroll of remove curse {unknown}
 n - 3 scrolls of identify {unknown}
 p - 2 scrolls of enchant armour {unknown}
 q - a scroll of enchant weapon {unknown}
 x - a scroll of teleportation {unknown}
Potions
 d - a potion of berserk rage {unknown}
 l - a potion of brilliance {unknown}
 v - a potion of cure mutation {unknown}
 z - a potion of magic {unknown}
Comestibles
 f - 3 bread rations
 s - a slice of pizza


   Skills:
 + Level 3.9 Fighting
 + Level 3.1 Long Blades
 + Level 3.6 Armour
 + Level 3.8 Shields


You had 4 spell levels left.
You didn't know any spells.

Dungeon Overview and Level Annotations

Branches:
Dungeon (4/15)
 Temple: D:4-7

Altars:

Annotations:
D:3 Sigmund


Innate Abilities, Weirdness & Mutations

You are partially covered in slimy green scales (AC +2).
You regenerate a little health from kills.
You are immune to rotting.


Message History

The orc wizard blinks!
The orc wizard mumbles some strange words.
The orc wizard blinks!
The orc priest hits you but does no damage.
The orc wizard hits you but does no damage.
Space bends around you.
* * * LOW HITPOINT WARNING * * *
The orc wizard casts a spell at you. The magic dart hits you!
* * * LOW HITPOINT WARNING * * *
There is a stone staircase leading up, spattered with blood here.
The orc wizard hits you but does no damage.
You feel strangely unstable.
You climb upwards.
Level annotation: Sigmund
There is a stone staircase leading down, spattered with blood here.
You barely miss the orc wizard. The orc wizard closely misses you.
The orc wizard hits you but does no damage.
Space warps horribly around you!
You die...

#......)......#
##############..###
#...............#
#.#######.......#
#.#..#<...(.....#
#.#..####.###...#
#.#.......#.....#
############.##)######.##..#
................@.....[.#..#
#######.#........o.........#
#.#.###########....#.# #.#.#
#....#)# # #.#.# #..###.# #
#.#.# #......# ## #.#.#####
#.####### .# #.#.....#
#.......# .## #.#..##.#
#######.#


You could see an orc wizard.

Vanquished Creatures
  An orc priest (D:3)
  A centaur skeleton (D:4)
  6 adders
  3 oozes
  A worm (D:3)
  5 dart slugs
  A giant gecko (D:3)
  6 orcs
  4 bats
  5 giant cockroaches
  6 goblins
  8 hobgoblins
  4 jackals (D:1)
  A quokka (D:3)
  A ball python (D:3)
  7 giant newts
  11 kobolds
  9 rats
80 creatures vanquished.

Notes
Turn   | Place    | Note
--------------------------------------------------------------
     0 | D:1      | Inkary the Demonspawn Fighter began the quest for the Orb.
     0 | D:1      | Reached XP level 1. HP: 18/18 MP: 1/1
    81 | D:1      | Gained mutation: You regenerate a little health from kills. [demonic ancestry]
    81 | D:1      | Reached XP level 2. HP: 22/24 MP: 2/2
   291 | D:1      | Gained mutation: You are partially covered in slimy green scales (AC +2). [demonic ancestry]
   291 | D:1      | Reached XP level 3. HP: 26/29 MP: 3/3
   842 | D:2      | Gained mutation: You are immune to rotting. [demonic ancestry]
   842 | D:2      | Reached XP level 4. HP: 35/35 MP: 4/4
  1697 | D:3      | Reached XP level 5. HP: 31/42 MP: 5/5
  1844 | D:3      | Noticed Sigmund
  3369 | D:3      | Slain by an orc wizard

Skill      XL: |  1  2  3  4  5 |
---------------+----------------+-----
Long Blades    | 2 3 |  3.1
Armour         | 3 |  3.6
Shields        | 3 |  3.8
Fighting       | |  3.9

Action                   |  1- 3 |  4- 6 || total
-------------------------+-------+-------++-------
Melee: Long sword        |   112 |   251 ||   363
  Use: Potion            |       |     2 ||     2
  Eat: Chunk             |       |     9 ||     9
Armor: Scale mail        |    82 |   124 ||   206
Dodge: Dodged            |    42 |    69 ||   111
Block: Shield            |    66 |   123 ||   189
